 Dungeon Crawl Stone Soup version 0.23.2-40-g277498a001 (webtiles) character file.

Game seed: 13923569616233662607

36 Descartes the Skirmisher (level 3, -1/30 HPs)
             Began as a Formicid Abyssal Knight on Sept 25, 2019.
             Was a Follower of Lugonu.
             Succumbed to an adder's poison
             ... on level 1 of the Dungeon.
             The game lasted 00:02:02 (1225 turns).

Descartes the Skirmisher (Formicid Abyssal Knight)  Turns: 1225, Time: 00:02:03

Health: -1/30      AC:  5    Str: 17    XL:     3   Next: 57%
Magic:  4/4        EV: 10    Int: 11    God:    Lugonu [*.....]
Gold:   55         SH:  0    Dex: 10    Spells: 2/2 levels left

rFire    . . .     SeeInvis +   a - +1 hand axe
rCold    . . .     Gourm    .   (no shield)
rNeg     . . .     Faith    .   d - +0 ring mail
rPois    .         Spirit   .   (helmet unavailable)
rElec    .         Reflect  .   (no cloak)
rCorr    .         Harm     .   (no gloves)
MR       .....                  (no boots)
Stlth    ..........             (no amulet)
HPRegen  0.10/turn              (no ring)
MPRegen  0.09/turn              (no ring)

@: lethally poisoned (-1 -> -16)
A: permanent stasis, dig shafts and tunnels, four strong arms, antennae 3
a: Dig, Shaft Self, Depart the Abyss, Renounce Religion


You were on level 1 of the Dungeon.
You worshipped Lugonu.
Lugonu was aware of your devotion.
You were not hungry.

You visited 1 branch of the dungeon, and saw 2 of its levels.
You visited the Abyss 1 time.

You collected 55 gold pieces.

Inventory:

Hand Weapons
 a - a +1 hand axe (weapon)
Missiles
 f - 23 bolts
 j - 5 stones (quivered)
 l - 11 poisoned needles
Armour
 b - a +0 leather armour
 d - a +0 ring mail (worn)
Scrolls
 h - a scroll of remove curse {unknown}
 k - a scroll of random uselessness {unknown}
 m - a scroll of enchant weapon {unknown}
Potions
 e - a potion of haste {unknown}
 i - a potion of invisibility {unknown}
Comestibles
 c - 2 rations


   Skills:
 + Level 4.1 Fighting
 + Level 2.6 Axes
 + Level 2.2 Armour
 + Level 1.2 Dodging
 + Level 2.3 Invocations


You had 2 spell levels left.
You didn't know any spells.
Your spell library was empty.

Dungeon Overview and Level Annotations

Branches:
Dungeon (2/15)

Altars:


Innate Abilities, Weirdness & Mutations

You cannot be hasted, slowed, berserked, paralysed or teleported.
You can dig through walls and to a lower floor.
Your four strong arms can wield two-handed weapons with a shield.
You have a pair of large antennae on your head. (SInv)


Message History

You miss the adder.
The adder is lightly wounded.
* * * LOW HITPOINT WARNING * * *
You feel sick. The adder bites you.
* * * LOW HITPOINT WARNING * * *
You are more poisoned.
The adder poisons you! The adder completely misses you.
* * * LOW HITPOINT WARNING * * *
You feel sick.
* * * LOW HITPOINT WARNING * * *
You feel sick.
You can't go up here!
* * * LOW HITPOINT WARNING * * *
You feel sick. The adder closely misses you.
There is an escape hatch in the ceiling here.
* * * LOW HITPOINT WARNING * * *
You feel sick. The adder bites you.
* * * LOW HITPOINT WARNING * * *
A mysterious force pulls you upwards. The hatch slams shut behind you.
You die...

.............#[#.#......#
######........#.#...###.#
#..#.#####.#.......#.#
####..#.# #.#####.#.#.#
...#..#.#
#.#.......#.#########
...#..#.#
###.###.###.....รท....
...#..#.### ##.###.#
###########
..........####..S...#
................@...#
...................##
..................##
..................#
..................#
...#######........# ##.#
#........# #.# #........#
#.# #........#


You could see an adder.

Vanquished Creatures
  2 dart slugs (D:1)
  A leopard gecko (D:1)
  3 bats (D:1)
  A giant cockroach (D:1)
  4 goblins (D:1)
  3 hobgoblins (D:1)
  7 jackals (D:1)
  3 kobolds (D:1)
  A frilled lizard (D:1)
25 creatures vanquished.

Notes
Turn   | Place    | Note
-------+----------+-------------------------------------------
     0 | Abyss:1  | Descartes the Formicid Abyssal Knight began the quest for
                  | the Orb.
     0 | Abyss:1  | Reached XP level 1. HP: 18/18 MP: 2/2
    73 | D:1      | Escaped the Abyss
   187 | D:1      | Reached XP level 2. HP: 19/24 MP: 3/3
   311 | D:1      | Reached skill level 4 in Fighting
   311 | D:1      | Reached XP level 3. HP: 23/30 MP: 4/4
   345 | D:1      | Reached skill level 1 in Dodging
  1224 | D:2      | HP: 1/30 [adder (3)]
  1225 | D:1      | Succumbed to an adder's poison

Skill      XL: |  1  2  3 |
---------------+----------+-----
Fighting       | 4 |  4.1
Dodging        | 1 |  1.2
Axes           | |  2.6
Armour         | |  2.2
Invocations    | |  2.3

Action                   || total
-------------------------++-------
Melee: Hand axe          ||    90
  Eat: Chunk             ||     1
Armor: Ring mail         ||    49
Dodge: Dodged            ||    61
